 Dungeon Crawl Stone Soup version 0.29-a0-275-g389c0b56f3 (webtiles) character file.

Game seed: 16217714114985070359

1018 enile the Conjurer (level 8, -4/52 HPs)
             Began as an Octopode Conjurer on Mar 10, 2022.
             Was a Priest of Lugonu.
             Slain by Edmund
             ... wielding a +0 flail of protection
              (9 damage)
             ... on level 4 of the Dungeon.
             The game lasted 00:11:05 (6246 turns).

enile the Conjurer (Octopode Conjurer)              Turns: 6246, Time: 00:11:05

Health: -4/52      AC:  3    Str:  7    XL:     8   Next: 22%
Magic:  0/14       EV: 13    Int: 22    God:    Lugonu [***...]
Gold:   350        SH:  0    Dex: 10    Spells: 8/15 levels left

rFire   . . .      SeeInvis .   d - +2 dagger (freeze)
rCold   . . .      Faith    .   (no shield)
rNeg    . . .      Spirit   +   p - +2 hat {Stlth+}
rPois   .          Reflect  .   c - amulet of guardian spirit
rElec   .          Harm     .   h - ring of flight
rCorr   .          Rampage  .   j - ring of willpower
Will    +....                   (no ring)
Stlth   ++++......              (no ring)
HPRegen 0.17/turn               (no ring)
MPRegen 0.14/turn               (no ring)
                                (no ring)
                                (no ring)

@: flying, very slightly contaminated, hasted, very quick
A: almost no armour, amphibious, 8 rings, camouflage 1, gelatinous body 1,
(nimble swimmer 1), tentacles
a: Renounce Religion, Depart the Abyss, Bend Space, Banish


You were on level 4 of the Dungeon.
You worshipped Lugonu.
Lugonu was most pleased with you.
You visited 1 branch of the dungeon, and saw 7 of its levels.

You collected 350 gold pieces.

Inventory:

Hand Weapons
 b - a +0 dagger
 d - a +2 dagger of freezing (weapon)
Missiles
 q - 2 throwing nets
Armour
 p - a +2 hat of stealth (worn)
Jewellery
 c - an amulet of guardian spirit (around mantle)
 h - a ring of flight (left tentacle)
 j - a ring of willpower (right tentacle)
Scrolls
 e - a scroll of magic mapping {unknown}
 k - 2 scrolls of immolation {unknown}
 r - a scroll of teleportation
Potions
 a - a potion of magic
 g - 2 potions of invisibility (quivered) {unknown}
 i - a potion of degeneration {unknown}
 l - 2 potions of curing {unknown}
 m - a potion of flight {unknown}
 n - a potion of might {unknown}
 o - a potion of brilliance {unknown}


   Skills:
 - Level 3.0 Fighting
 - Level 2.0 Short Blades
 - Level 3.0 Dodging
 - Level 4.0 Stealth
 + Level 4.3 Spellcasting
 - Level 6.0 Conjurations
 - Level 1.2 Hexes
 - Level 3.0 Translocations
 - Level 3.0 Invocations


You had 8 spell levels left.
You knew the following spells:

 Your Spells              Type           Power      Damage    Failure   Level
a - Magic Dart            Conj           100%       1d8       1%          1
b - Searing Ray           Conj           62%        2d6       1%          2
c - Iskenderun's Mystic   Conj/Tloc      24%        2d7       17%         4

Your spell library contained the following spells:

 Spells                   Type           Power      Damage    Failure   Level
 Dazzling Flash           Conj/Hex       40%        N/A       8%          3
 Corpse Rot               Necr/Air       8%         N/A       17%         2
 Poisonous Vapours        Pois/Air       8%         N/A       17%         2
 Fulminant Prism          Conj/Hex       10%        3d9       24%         4
 Starburst                Conj/Fire      8%         6d4       99%         6


Dungeon Overview and Level Annotations

Branches:
Dungeon (7/15)
 Temple: D:4-7

Altars:
Ashenzari
Kikubaaqudgha
Ru
Uskayaw
Xom
Zin
Lugonu

Annotations:
D:4 Edmund


Innate Abilities, Weirdness & Mutations

You cannot wear most types of armour.
You are amphibious.
You can wear up to eight rings at the same time.
Your skin changes colour to match your surroundings (Stealth+).
Your rubbery body absorbs attacks. (AC +1, EV +1)
((You are camouflaged when in or above water. (Stealth+)))
You have tentacles for arms and can constrict up to eight enemies at once.


Message History

You barely miss Edmund. You squeeze Edmund, but do no damage.
Edmund is heavily wounded.
You constrict Edmund. Edmund misses you.
You hit Edmund but do no damage.
Edmund is severely wounded.
You constrict Edmund.
Edmund hits you with a +0 flail of protection!
You hit Edmund but do no damage.
Your tentacle-slap misses Edmund.
Edmund is severely wounded.
You constrict Edmund, but do no damage.
Edmund hits you with a +0 flail of protection.
Casting: Searing Ray (safe; 1% risk of failure)
Confirm with . or Enter, or press ? or * to list all spells.
You miscast Iskenderun's Mystic Blast.
You are very lightly contaminated with residual magic.
Nothing appears to happen.
You constrict Edmund, but do no damage.
Edmund hits you with a +0 flail of protection!
Casting: Iskenderun's Mystic Blast (quite dangerous; 17% risk of failure)
Confirm with . or Enter, or press ? or * to list all spells.
You don't have enough magic to cast this spell.
Casting: Iskenderun's Mystic Blast (quite dangerous; 17% risk of failure)
Confirm with . or Enter, or press ? or * to list all spells.
Okay, then.
You hit Edmund but do no damage.
Edmund is severely wounded.
You constrict Edmund, but do no damage.
Edmund hits you with a +0 flail of protection.
* * * LOW HITPOINT WARNING * * *
Okay, then.
You release your grip on Edmund.
Edmund attacks as you move away!
Edmund hits you with a +0 flail of protection.
* * * LOW HITPOINT WARNING * * *
You feel yourself speed up.
Edmund hits you with a +0 flail of protection!
* * * LOW HITPOINT WARNING * * *
You hit Edmund but do no damage. Your grab misses Edmund.
Your squeeze misses Edmund.
Edmund is severely wounded.
Edmund hits you with a +0 flail of protection!
You die...

#################### #####
...................# .....
##################.#########.....
..... .......@@...†...........
##### #########.##.######@...) ##
#.##.# ..... .# #.##.# ..... .#
#.##.# ..... .# #.##.# # ....(
.###### ##.##.###.##.....
.##...###########................
###...#......................


You could see Edmund.

Vanquished Creatures
  Grinder (D:6)
  Eustachio (D:5)
  2 ogres
  A necrophage (D:6)
  A scorpion (D:4)
  A gnoll shaman (D:3)
  A jelly (D:4)
  3 iguanas (D:4)
  11 gnolls
  5 adders
  A white imp (D:4)
  A worm (D:2)
  3 orcs
  13 endoplasms
  5 giant cockroaches
  17 goblins
  8 hobgoblins
  3 jackals (D:3)
  7 kobolds
  2 quokkas
  8 ball pythons
  4 bats (D:1)
  3 frilled lizards
  6 rats
108 creatures vanquished.

Vanquished Creatures (others)
  A fungus (D:2)
  6 plants (D:2)
7 creatures vanquished.

Grand Total: 115 creatures vanquished

Notes
Turn   | Place    | Note
-------+----------+-------------------------------------------
     0 | D:1      | enile the Octopode Conjurer began the quest for the Orb.
     0 | D:1      | Reached XP level 1. HP: 11/11 MP: 3/3
    84 | D:1      | Reached skill level 1 in Fighting
   198 | D:1      | Reached XP level 2. HP: 14/18 MP: 0/5
   755 | D:1      | Reached XP level 3. HP: 25/25 MP: 3/6
  1009 | D:1      | Learned a level 2 spell: Searing Ray
  1772 | D:2      | Found a faded altar of an unknown god.
  1834 | D:2      | Reached XP level 4. HP: 26/31 MP: 2/8
  1845 | D:2      | Prayed at the altar of an unknown god.
  1845 | D:2      | Became a worshipper of Lugonu the Unformed
  1845 | D:2      | Reached * piety under Lugonu
  1845 | D:2      | Reached ** piety under Lugonu
  2364 | D:2      | Reached XP level 5. HP: 36/36 MP: 6/9
  3382 | D:3      | Noticed an ogre
  3393 | D:3      | Killed an ogre
  3394 | D:3      | Reached skill level 5 in Conjurations
  3394 | D:3      | Reached XP level 6. HP: 42/42 MP: 2/10
  3590 | D:3      | Found a glowing silver altar of Zin.
  3650 | D:3      | Found a broken altar of Ashenzari.
  3760 | D:3      | Found a sacrificial altar of Ru.
  4314 | D:4      | Reached skill level 6 in Conjurations
  4337 | D:3      | Reached *** piety under Lugonu
  4338 | D:3      | Reached skill level 1 in Invocations
  4608 | D:4      | Found a hide-covered altar of Uskayaw.
  4611 | D:4      | Found an ancient bone altar of Kikubaaqudgha.
  4625 | D:4      | Reached XP level 7. HP: 46/46 MP: 0/11
  4728 | D:4      | Noticed Edmund
  5134 | D:5      | Entered Level 5 of the Dungeon
  5134 | D:5      | Noticed Eustachio
  5169 | D:4      | You are sucked into a shaft and drop 3 floors!
  5322 | D:6      | Noticed Grinder
  5334 | D:6      | Killed Grinder
  5335 | D:6      | Reached skill level 1 in Hexes
  5340 | D:6      | Learned a level 4 spell: Iskenderun's Mystic Blast
  5447 | D:6      | Noticed a steam dragon
  5542 | D:6      | Found a shimmering altar of Xom.
  5581 | D:6      | Noticed a yak
  5581 | D:6      | Noticed a yak
  5668 | D:5      | Killed Eustachio
  5669 | D:5      | Reached XP level 8. HP: 37/52 MP: 6/14
  6246 | D:4      | Slain by Edmund

Illustrated notes

Levels and vault maps discovered:
D:1:      dpeg_arrival_leaves_temple_mockup, layout_rooms, st_stairs_4
D:2:      layout_loops_corners, shapermc_ecumenical_altar_mp_ritualfount,
          nrook_loot_triangle, chequers_serial_rivers_micro_a,
          minmay_misc_feat_hallway, kennysheep_cross_room,
          hangedman_decor_clover_reticule
D:3:      layout_rooms, mainiacjoe_overflow_small_starburst,
          lemuel_coloured_pillars_altar, nicolae_ru_the_path_less_chosen
D:4:      layout_basic, chequers_temple_overflow_statue_of_worship,
          grunt_ministairs_4, uniq_edmund
D:5:      layout_cave_pods, worldfamousw_hep_ancestral_shrine,
          gammafunk_ghost_grave, hex_tiny, uniq_pikel, uniq_eustachio,
          uniq_duvessa
D:6:      layout_basic, amcnicky_altar_gilded,
          minmay_temple_entry_drinking_statues, uniq_grinder, uniq_maggie,
          uniq_prince_ribbit1
D:7:      layout_rooms, uniq_menkaure

Skill      XL: |  1  2  3  4  5  6  7  8 |
---------------+-------------------------+-----
Fighting       | 1 2 3 |  3.0
Spellcasting   | 3 4 |  4.3
Dodging        | 3 |  3.0
Conjurations   | 5 6 |  6.0
Invocations    | 2 3 |  3.0
Short Blades   | 2 |  2.0
Stealth        | 4 |  4.0
Hexes          | 1 |  1.2
Translocations | 2 3 |  3.0

Action                   |  1- 3 |  4- 6 |  7- 9 || total
-------------------------+-------+-------+-------++-------
Melee: Dagger            |    33 |    39 |    39 ||   111
       Tentacles         |     3 |    11 |    11 ||    25
       Constrict         |     4 |    10 |     6 ||    20
       Punch             |       |     2 |       ||     2
 Cast: Magic Dart        |    64 |    77 |     6 ||   147
       Searing Ray       |     2 |    12 |    13 ||    27
Invok: Bend Space        |       |     1 |       ||     1
  Use: Potion            |     1 |       |     2 ||     3
       Scroll            |       |     4 |     2 ||     6
 Stab: Sleeping          |       |     1 |     3 ||     4
Armor: Skin              |     2 |     6 |     4 ||    12
Dodge: Dodged            |    17 |    42 |    27 ||    86

Table legend: (Time is in decaauts)
 A = Elapsed time spent in this place.
 B = Non-inter-level travel time spent in this place.
 C = Inter-level travel time spent in this place.
 D = Time resting spent in this place.
 E = Time spent auto-exploring this place.
 F = Levels seen in this place.
 G = Mean time per level.
                   A        B        C        D        E       F      G
               +--------+--------+--------+--------+--------+-----+--------+
         Total |   6272 |   6087 |    185 |    543 |   4555 |   7 |  896.0 |
       Dungeon |   6272 |   6087 |    185 |    543 |   4555 |   7 |  896.0 |
               +--------+--------+--------+--------+--------+-----+--------+

Top non-repeatable levels by time:
     D:3: 1691 daAuts
     D:2: 1563 daAuts
     D:1: 1395 daAuts
     D:4: 905 daAuts
     D:6: 479 daAuts
     D:5: 228 daAuts
     D:7: 8 daAuts
